TOP OF THE 1ST |
Pennsylvania State University Nittany Lions batting - Pitching for University of Michigan Wolverines : RHP Dave Bressler
|
Pitching: RHP Dave Bressler
|
|
Batting: RHB Jesse Bandt
|
0-0: Called Strike 0-1: Ball 1-1: Called Strike 1-2: Strikes out looking
|
Batting: RHB Pete Martin
|
0-0: Called Strike 0-1: Ground out 5-3 (Groundball, 56, EV 86.9 MPH)
|
Batting: RHB Josh Ebeling
|
0-0: Called Strike 0-1: Ball 1-1: Foul Ball, location: 2F 1-2: Foul Ball, location: 2F 1-2: SOLO HOME RUN (Flyball, 78XD, EV 115.6 MPH), Distance : 460 ft
|
Batting: RHB Rob Hinojosa
|
0-0: Ball 1-0: Ball 2-0: Called Strike 2-1: Fly out, F9 (Flyball, 89M, EV 85.6 MPH)
|
Top of the 1st over - 1 run, 1 hit, 0 errors, 0 left on base; Pennsylvania State University 1 - University of Michigan 0 |
BOTTOM OF THE 1ST |
University of Michigan Wolverines batting - Pitching for Pennsylvania State University Nittany Lions : RHP Bob Cloutier
|
Pitching: RHP Bob Cloutier
|
|
Batting: RHB Gerard Gordijn
|
0-0: Swinging Strike 0-1: Foul Ball, location: 2F 0-2: Ball 1-2: Foul Ball, location: 2F 1-2: SINGLE (Flyball, 8LS, EV 90.6 MPH)
|
Batting: RHB Wendell Sarkies
|
0-0: Ball 1-0: Ball 2-0: Called Strike 2-1: Called Strike 2-2: Grounds into double play, 5-4-3 (Groundball, 56, EV 85.0 MPH)
|
Batting: RHB Chris Williamson
|
0-0: Foul Ball, location: 2F 0-1: Foul Ball, location: 2F 0-2: Foul Ball, location: 2F 0-2: Foul Ball, location: 2F 0-2: Ball 1-2: Ball 2-2: Foul Ball, location: 2F 2-2: Foul Ball, location: 2F 2-2: SINGLE (Line Drive, 6MD, EV 103.8 MPH)
|
Batting: RHB Mike Harden
|
0-0: Fly out, F7 (Flyball, 7D, EV 103.1 MPH)
|
Bottom of the 1st over - 0 runs, 2 hits, 0 errors, 1 left on base; Pennsylvania State University 1 - University of Michigan 0 |
TOP OF THE 2ND |
Pennsylvania State University Nittany Lions batting - Pitching for University of Michigan Wolverines : RHP Dave Bressler
|
Batting: RHB Victor Victorino
|
0-0: Ball 1-0: Ball 2-0: Swinging Strike 2-1: Ball 3-1: Base on Balls
|
Batting: RHB Joe Strachan
|
0-0: Called Strike 0-1: Fly out, F8 (Flyball, 8LD, EV 98.1 MPH)
|
Batting: RHB Perry Brantley
|
0-0: Called Strike 0-1: Foul Ball, location: 2F 0-2: Foul Ball, location: 2F 0-2: Foul Ball, location: 2F 0-2: Strikes out swinging
|
Batting: LHB Dan Lape
|
0-0: Ball 1-0: SINGLE (Groundball, 34D, EV 98.8 MPH) Victor Victorino to second Runner from 2nd tries for 3rd, SAFE, throw by RF made to third
|
Batting: RHB James Steinmetz
|
0-0: Called Strike 0-1: Ball 1-1: Swinging Strike 1-2: Foul Ball, location: 2F 1-2: Ground out 4-3 (Groundball, 4, EV 85.0 MPH)
|
Top of the 2nd over - 0 runs, 1 hit, 0 errors, 2 left on base; Pennsylvania State University 1 - University of Michigan 0 |
BOTTOM OF THE 2ND |
University of Michigan Wolverines batting - Pitching for Pennsylvania State University Nittany Lions : RHP Bob Cloutier
|
Batting: RHB Angus Shanahan
|
0-0: Foul Ball, location: 2F 0-1: Ball 1-1: Swinging Strike 1-2: Fly out, F7 (Line Drive, 7LM, EV 111.9 MPH)
|
Batting: SHB Phillip Blake
|
0-0: Ball 1-0: Ball 2-0: Foul Ball, location: 2F 2-1: Swinging Strike 2-2: Ball 3-2: Foul Ball, location: 2F 3-2: Strikes out looking
|
Batting: LHB Lance Sabo
|
0-0: Called Strike 0-1: SINGLE (Line Drive, 4MD, EV 98.1 MPH)
|
Batting: SHB Elvis Hoying
|
0-0: Ball 1-0: Foul Ball, location: 2F 1-1: Foul Ball, location: 2F 1-2: Ball 2-2: Fly out, F7 (Flyball, 78M, EV 97.5 MPH)
|
Bottom of the 2nd over - 0 runs, 1 hit, 0 errors, 1 left on base; Pennsylvania State University 1 - University of Michigan 0 |
TOP OF THE 3RD |
Pennsylvania State University Nittany Lions batting - Pitching for University of Michigan Wolverines : RHP Dave Bressler
|
Batting: RHB Jesse Bandt
|
0-0: Ground out 5-3 (Groundball, 56S, EV 86.2 MPH)
|
Batting: RHB Pete Martin
|
0-0: Called Strike 0-1: Foul Ball, location: 2F 0-2: Ball 1-2: Fly out, F7 (Flyball, 7, EV 90.6 MPH)
|
Batting: RHB Josh Ebeling
|
0-0: Ball 1-0: Foul Ball, location: 2F 1-1: Foul Ball, location: 2F 1-2: SINGLE (Groundball, 6D, EV 99.4 MPH)
|
Batting: RHB Rob Hinojosa
|
0-0: Fielders Choice at 2nd, 4-6 (Groundball, 6M, EV 102.5 MPH)
|
Top of the 3rd over - 0 runs, 1 hit, 0 errors, 1 left on base; Pennsylvania State University 1 - University of Michigan 0 |
BOTTOM OF THE 3RD |
University of Michigan Wolverines batting - Pitching for Pennsylvania State University Nittany Lions : RHP Bob Cloutier
|
Batting: LHB Murdock Cranton
|
0-0: Fly out, F7 (Flyball, 7, EV 88.1 MPH)
|
Batting: RHB Gerard Gordijn
|
0-0: Ground out 5-3 (Groundball, 56, EV 84.4 MPH)
|
Batting: RHB Wendell Sarkies
|
0-0: Ball 1-0: Foul Ball, location: 2F 1-1: Ball 2-1: Ball 3-1: Foul Ball, location: 2F 3-2: SINGLE (Groundball, 56S, EV 70.0 MPH) (infield hit)
|
Batting: RHB Chris Williamson
|
0-0: Ball 1-0: SINGLE (Line Drive, 7S, EV 87.5 MPH) Wendell Sarkies to second
|
Batting: RHB Mike Harden
|
0-0: Called Strike 0-1: Called Strike 0-2: Ball 1-2: Foul Ball, location: 2F 1-2: Ground out 4-3 (Groundball, 4, EV 103.1 MPH)
|
Bottom of the 3rd over - 0 runs, 2 hits, 0 errors, 2 left on base; Pennsylvania State University 1 - University of Michigan 0 |
TOP OF THE 4TH |
Pennsylvania State University Nittany Lions batting - Pitching for University of Michigan Wolverines : RHP Dave Bressler
|
Batting: RHB Victor Victorino
|
0-0: Called Strike 0-1: SINGLE (Line Drive, 6D, EV 103.1 MPH)
|
Batting: RHB Joe Strachan
|
0-0: Swinging Strike 0-1: SINGLE (Groundball, 56S, EV 75.0 MPH) (infield hit) Victor Victorino to second
|
Batting: RHB Perry Brantley
|
0-0: Fly out, F7 (Flyball, 7, EV 76.2 MPH)
|
Batting: LHB Dan Lape
|
0-0: Called Strike 0-1: Ball 1-1: Foul Ball, location: 2F 1-2: Grounds into double play, 3-6-3 (Groundball, 3, EV 101.2 MPH)
|
Top of the 4th over - 0 runs, 2 hits, 0 errors, 1 left on base; Pennsylvania State University 1 - University of Michigan 0 |
BOTTOM OF THE 4TH |
University of Michigan Wolverines batting - Pitching for Pennsylvania State University Nittany Lions : RHP Bob Cloutier
|
Batting: RHB Angus Shanahan
|
0-0: Swinging Strike 0-1: Swinging Strike 0-2: Strikes out looking
|
Batting: SHB Phillip Blake
|
0-0: Ground out 5-3 (Groundball, 5L, EV 105.0 MPH)
|
Batting: LHB Lance Sabo
|
0-0: Called Strike 0-1: Fly out, F7 (Line Drive, 78M, EV 103.1 MPH)
|
Bottom of the 4th over - 0 runs, 0 hits, 0 errors, 0 left on base; Pennsylvania State University 1 - University of Michigan 0 |
TOP OF THE 5TH |
Pennsylvania State University Nittany Lions batting - Pitching for University of Michigan Wolverines : RHP Dave Bressler
|
Batting: RHB James Steinmetz
|
0-0: Foul Ball, location: 2F 0-1: Foul Ball, location: 2F 0-2: Ground out 6-3 (Groundball, 6, EV 82.5 MPH)
|
Batting: RHB Jesse Bandt
|
0-0: Swinging Strike 0-1: Fly out, F7 (Line Drive, 7S, EV 98.1 MPH)
|
Batting: RHB Pete Martin
|
0-0: Fly out, F9 (Flyball, 89D, EV 83.1 MPH)
|
Top of the 5th over - 0 runs, 0 hits, 0 errors, 0 left on base; Pennsylvania State University 1 - University of Michigan 0 |
BOTTOM OF THE 5TH |
University of Michigan Wolverines batting - Pitching for Pennsylvania State University Nittany Lions : RHP Bob Cloutier
|
Batting: SHB Elvis Hoying
|
0-0: Ball 1-0: Ball 2-0: Fly out, F6 (Popup, 6MS, EV 66.2 MPH)
|
Batting: LHB Murdock Cranton
|
0-0: Swinging Strike 0-1: Ball 1-1: Foul Ball, location: 2F 1-2: Strikes out swinging
|
Batting: RHB Gerard Gordijn
|
0-0: Ball 1-0: Ground out 5-3 (Groundball, 5S, EV 85.6 MPH)
|
Bottom of the 5th over - 0 runs, 0 hits, 0 errors, 0 left on base; Pennsylvania State University 1 - University of Michigan 0 |
TOP OF THE 6TH |
Pennsylvania State University Nittany Lions batting - Pitching for University of Michigan Wolverines : RHP Dave Bressler
|
Batting: RHB Josh Ebeling
|
0-0: Swinging Strike 0-1: Swinging Strike 0-2: Foul Ball, location: 2F 0-2: Ball 1-2: Ball 2-2: Ball 3-2: Foul Ball, location: 2F 3-2: Foul Ball, location: 2F 3-2: Base on Balls
|
Pitching: RHP Dave Catano
|
|
Batting: RHB Rob Hinojosa
|
0-0: Called Strike 0-1: Foul Ball, location: 2F 0-2: Ball 1-2: Ball 2-2: Foul Ball, location: 2F 2-2: Ball 3-2: SINGLE (Groundball, 6MD, EV 96.2 MPH) Josh Ebeling to second Runner from 2nd tries for 3rd, SAFE, no throw by CF
|
Batting: RHB Victor Victorino
|
0-0: SINGLE (Groundball, 4MD, EV 101.9 MPH) Josh Ebeling scores Rob Hinojosa to second
|
Batting: RHB Joe Strachan
|
0-0: Foul Ball, location: 2F 0-1: Ball 1-1: Foul Ball, location: 2F 1-2: DOUBLE (Line Drive, 9LS, EV 106.2 MPH) Rob Hinojosa scores Victor Victorino to third
|
Batting: RHB Perry Brantley
|
0-0: Swinging Strike 0-1: Reached on error, E4 (Groundball, 34S, EV 70.6 MPH) Victor Victorino scores Joe Strachan to third
|
Batting: LHB Dan Lape
|
0-0: Foul Ball, location: 2F 0-1: Ball 1-1: Fly out, F7 (Line Drive, 78M, EV 93.1 MPH) Runner from 3rd tags up, SCORES, throw by LF
|
Pitching: RHP Leon DeSanctis
|
|
Batting: RHB James Steinmetz
|
0-0: Called Strike 0-1: Swinging Strike 0-2: Foul Ball, location: 2F 0-2: Strikes out looking
|
Batting: RHB Jesse Bandt
|
0-0: Ball 1-0: Ball 2-0: Swinging Strike 2-1: Fly out, F7 (Flyball, 7, EV 86.9 MPH)
|
Top of the 6th over - 4 runs, 3 hits, 1 error, 1 left on base; Pennsylvania State University 5 - University of Michigan 0 |
BOTTOM OF THE 6TH |
University of Michigan Wolverines batting - Pitching for Pennsylvania State University Nittany Lions : RHP Bob Cloutier
|
Batting: RHB Wendell Sarkies
|
0-0: Ball 1-0: Ground out 1-3 (Groundball, 15S, EV 65.6 MPH)
|
Batting: RHB Chris Williamson
|
0-0: Ball 1-0: Called Strike 1-1: Swinging Strike 1-2: Ball 2-2: Ball 3-2: Fly out, F9 (Flyball, 89M, EV 73.1 MPH)
|
Batting: RHB Mike Harden
|
0-0: Ball 1-0: Called Strike 1-1: Fly out, F9 (Line Drive, 9S, EV 92.5 MPH)
|
Bottom of the 6th over - 0 runs, 0 hits, 0 errors, 0 left on base; Pennsylvania State University 5 - University of Michigan 0 |
TOP OF THE 7TH |
Pennsylvania State University Nittany Lions batting - Pitching for University of Michigan Wolverines : RHP Leon DeSanctis
|
Batting: RHB Pete Martin
|
0-0: Called Strike 0-1: Foul Ball, location: 2F 0-2: Ball 1-2: Foul Ball, location: 2F 1-2: Ball 2-2: Foul Ball, location: 2F 2-2: Ground out 2-3 (Groundball, 15S, EV 67.5 MPH)
|
Batting: RHB Josh Ebeling
|
0-0: Ball 1-0: Called Strike 1-1: Foul Ball, location: 2F 1-2: Ball 2-2: Ball 3-2: Fly out, F8 (Flyball, 8LD, EV 93.8 MPH)
|
Batting: RHB Rob Hinojosa
|
0-0: Ball 1-0: SOLO HOME RUN (Flyball, 7LD, EV 95.6 MPH), Distance : 348 ft
|
Batting: RHB Victor Victorino
|
0-0: Ball 1-0: Fly out, F8 (Flyball, 8LD, EV 94.4 MPH)
|
Top of the 7th over - 1 run, 1 hit, 0 errors, 0 left on base; Pennsylvania State University 6 - University of Michigan 0 |
BOTTOM OF THE 7TH |
University of Michigan Wolverines batting - Pitching for Pennsylvania State University Nittany Lions : RHP Bob Cloutier
|
Batting: RHB Angus Shanahan
|
0-0: Ball 1-0: SINGLE (Groundball, 6D, EV 96.2 MPH)
|
Batting: SHB Phillip Blake
|
0-0: Ball 1-0: Ball 2-0: Foul Ball, location: 2F 2-1: Grounds into double play, 6-4-3 (Groundball, 6, EV 85.0 MPH)
|
Batting: LHB Lance Sabo
|
0-0: Ball 1-0: Called Strike 1-1: Foul Ball, location: 2F 1-2: Ball 2-2: Strikes out swinging
|
Bottom of the 7th over - 0 runs, 1 hit, 0 errors, 0 left on base; Pennsylvania State University 6 - University of Michigan 0 |
TOP OF THE 8TH |
Pennsylvania State University Nittany Lions batting - Pitching for University of Michigan Wolverines : RHP Leon DeSanctis
|
Batting: RHB Joe Strachan
|
0-0: Ball 1-0: Foul Ball, location: 2F 1-1: Fly out, F9 (Flyball, 9LSF, EV 91.9 MPH)
|
Pitching: RHP Orlando Huizar
|
|
Batting: RHB Perry Brantley
|
0-0: Ball 1-0: Called Strike 1-1: Foul Ball, location: 2F 1-2: Ground out 5-3 (Groundball, 5, EV 91.2 MPH)
|
Batting: LHB Dan Lape
|
0-0: Foul Ball, location: 2F 0-1: Ball 1-1: Ground out 6-3 (Groundball, 6, EV 87.5 MPH)
|
Top of the 8th over - 0 runs, 0 hits, 0 errors, 0 left on base; Pennsylvania State University 6 - University of Michigan 0 |
BOTTOM OF THE 8TH |
University of Michigan Wolverines batting - Pitching for Pennsylvania State University Nittany Lions : RHP Bob Cloutier
|
Pitching: RHP Jeremy Webb
|
|
Batting: SHB Elvis Hoying
|
0-0: Ball 1-0: SINGLE (Line Drive, 56, EV 104.4 MPH)
|
Batting: LHB Murdock Cranton
|
0-0: Fly out, F7 (Flyball, 7LS, EV 95.0 MPH)
|
Batting: RHB Gerard Gordijn
|
0-0: Ball 1-0: Called Strike 1-1: Ball 2-1: Foul Ball, location: 2F 2-2: Ball Wild Pitch! Elvis Hoying to second 3-2: Base on Balls
|
Batting: RHB Wendell Sarkies
|
0-0: Ball 1-0: SINGLE (Groundball, 56D, EV 104.4 MPH) Elvis Hoying to third Gerard Gordijn to second Runner from 3rd tries for Home, SAFE, throw by LF to home
|
Batting: RHB Chris Williamson
|
0-0: SINGLE (Flyball, 4MD, EV 93.1 MPH) Gerard Gordijn to third Wendell Sarkies to second
|
Batting: RHB Mike Harden
|
0-0: Called Strike 0-1: Ball 1-1: Ball 2-1: Called Strike 2-2: Ball 3-2: Reached on error, E9 (Flyball, 9, EV 88.8 MPH) Gerard Gordijn scores Wendell Sarkies to third Chris Williamson to second
|
Batting: RHB Angus Shanahan
|
0-0: Called Strike 0-1: Grounds into double play, 6-4-3 (Groundball, 6, EV 86.2 MPH)
|
Bottom of the 8th over - 2 runs, 3 hits, 1 error, 2 left on base; Pennsylvania State University 6 - University of Michigan 2 |
TOP OF THE 9TH |
Pennsylvania State University Nittany Lions batting - Pitching for University of Michigan Wolverines : RHP Orlando Huizar
|
Pitching: RHP Wendell Thomsen
|
|
Batting: RHB James Steinmetz
|
0-0: Ground out 6-3 (Groundball, 6, EV 101.9 MPH)
|
Batting: RHB Jesse Bandt
|
0-0: Foul Ball, location: 2F 0-1: Ball 1-1: Called Strike 1-2: Strikes out looking
|
Batting: RHB Pete Martin
|
0-0: Ball 1-0: Called Strike 1-1: Ground out 4-3 (Groundball, 4, EV 101.2 MPH)
|
Top of the 9th over - 0 runs, 0 hits, 0 errors, 0 left on base; Pennsylvania State University 6 - University of Michigan 2 |
BOTTOM OF THE 9TH |
University of Michigan Wolverines batting - Pitching for Pennsylvania State University Nittany Lions : RHP Jeremy Webb
|
Pinch Hitting: LHB Dakota Kaempf
|
0-0: Foul Ball, location: 2F 0-1: Ball 1-1: Fly out, F8 (Flyball, 8RS, EV 91.9 MPH)
|
Pinch Hitting: RHB Walter Fisher
|
0-0: Ball 1-0: Ball 2-0: Fly out, F8 (Flyball, 8RM, EV 81.9 MPH)
|
Pinch Hitting: RHB Remie Braakman
|
0-0: Reached on error, E5 (Groundball, 5L, EV 85.6 MPH)
|
Pinch Hitting: RHB Allan Dunn
|
0-0: SINGLE (Line Drive, 89S, EV 98.1 MPH) Remie Braakman to second
|
Pitching: RHP Preki Nedic
|
|
Batting: RHB Gerard Gordijn
|
0-0: Swinging Strike 0-1: Swinging Strike 0-2: Ball 1-2: Strikes out looking
|
Bottom of the 9th over - 0 runs, 1 hit, 1 error, 2 left on base; Pennsylvania State University 6 - University of Michigan 2 |
|